 Dungeon Crawl Stone Soup version 0.28-a0-845-gfc338a8e3c (webtiles) character file.

Game seed: 13857337324838955198

42 cheechan the Bolt Thrower (level 3, -1/25 HPs)
             Began as an Octopode Hunter on Nov 12, 2021.
             Slain by Terence (2 damage)
             ... on level 2 of the Dungeon.
             The game lasted 00:05:41 (1431 turns).

cheechan the Bolt Thrower (Octopode Hunter)         Turns: 1431, Time: 00:05:41

Health: -1/25      AC:  1    Str: 11    XL:     3   Next: 56%
Magic:  3/3        EV: 13    Int: 13    God:
Gold:   61         SH:  0    Dex: 13    Spells: 2/2 levels left

rFire   . . .      SeeInvis .   a - +1 hand crossbow
rCold   . . .      Faith    .   (no shield)
rNeg    . . .      Spirit   .   (helmet restricted)
rPois   .          Reflect  .   (no amulet)
rElec   .          Harm     .   (no ring)
rCorr   .          Rampage  .   (no ring)
Will    .....                   (no ring)
Stlth   +++.......              (no ring)
HPRegen 0.08/turn               (no ring)
MPRegen 0.08/turn               (no ring)
                                (no ring)
                                (no ring)

@: no status effects
A: almost no armour, amphibious, 8 rings, camouflage 1, gelatinous body 1,
(nimble swimmer 1), tentacles
a: no special abilities


You were on level 2 of the Dungeon.
You visited 1 branch of the dungeon, and saw 2 of its levels.

You collected 61 gold pieces.

Inventory:

Hand Weapons
 a - a +1 hand crossbow (weapon)
 b - a +0 long sword
 e - a +0 vorpal mace
Missiles
 c - 9 bolts (quivered ammo)
 d - 19 poisoned darts (quivered)


   Skills:
 + Level 2.3 Fighting
 + Level 4.8 Crossbows
 + Level 2.2 Dodging
 + Level 1.5 Stealth


You had 2 spell levels left.
You didn't know any spells.
Your spell library was empty.

Dungeon Overview and Level Annotations

Branches:
Dungeon (2/15)

Altars:

Annotations:
D:2 Terence


Innate Abilities, Weirdness & Mutations

You cannot wear most types of armour.
You are amphibious.
You can wear up to eight rings at the same time.
Your skin changes colour to match your surroundings (Stealth+).
Your rubbery body absorbs attacks. (AC +1, EV +1)
((You are camouflaged near water. (Stealth+)))
You have tentacles for arms and can constrict up to eight enemies at once.


Message History

Fire: 15 bolts
Press: ? - help, Shift-Dir - straight line, f/p - Terence
Aim: Terence, wielding a +0 mace and wearing a +0 chain mail (heavily wounded, 72% to hit)
You shoot a bolt.
The bolt hits Terence but does no damage.
Terence is heavily wounded.
Terence barely misses you.
Fire: 14 bolts
Press: ? - help, Shift-Dir - straight line, f/p - Terence
Aim: Terence, wielding a +0 mace and wearing a +0 chain mail (heavily wounded, 72% to hit)
You shoot a bolt. The bolt hits Terence.
Terence is severely wounded.
Terence closely misses you. Terence hits you with a +0 mace.
Fire: 13 bolts
Press: ? - help, Shift-Dir - straight line, f/p - Terence
Aim: Terence, wielding a +0 mace and wearing a +0 chain mail (severely wounded, 72% to hit)
You shoot a bolt.
The bolt hits Terence but does no damage.
Terence is severely wounded.
Terence hits you with a +0 mace!
* * * LOW HITPOINT WARNING * * *
Fire: 12 bolts
Press: ? - help, Shift-Dir - straight line, f/p - Terence
Aim: Terence, wielding a +0 mace and wearing a +0 chain mail (severely wounded, 72% to hit)
You shoot a bolt. The bolt barely misses Terence.
Terence hits you with a +0 mace.
* * * LOW HITPOINT WARNING * * *
Fire: 11 bolts
Press: ? - help, Shift-Dir - straight line, f/p - Terence
Aim: Terence, wielding a +0 mace and wearing a +0 chain mail (severely wounded, 72% to hit)
You shoot a bolt. The bolt barely misses Terence.
Terence closely misses you.
Unknown command.
Fire: 10 bolts
Press: ? - help, Shift-Dir - straight line, f/p - Terence
Aim: Terence, wielding a +0 mace and wearing a +0 chain mail (severely wounded, 72% to hit)
You shoot a bolt.
The bolt hits Terence but does no damage.
Terence is severely wounded.
Terence misses you. Terence hits you with a +0 mace.
You die...

#.......# #.......#
####.#### #.#
#.##########
#..........#
##########.#
##.#############.####
#((!(@@..<..........#
#..........#.###.##.#
#.########...# #.##.#
##.## #.##.# #
#.####..#)# .#
#....##.#.## .#
####.##....# ..
##.##†...# ..
##...#....#


You could see Terence.

Vanquished Creatures
  An adder (D:2)
  A worm (D:2)
  A dart slug (D:1)
  2 ball pythons (D:1)
  3 bats
  An endoplasm (D:1)
  4 hobgoblins
  A frilled lizard (D:1)
  7 goblins (D:1)
  7 kobolds
  2 rats
30 creatures vanquished.

Notes
Turn   | Place    | Note
-------+----------+-------------------------------------------
     0 | D:1      | cheechan the Octopode Hunter began the quest for the Orb.
     0 | D:1      | Reached XP level 1. HP: 14/14 MP: 1/1
   264 | D:1      | Reached XP level 2. HP: 19/19 MP: 2/2
   883 | D:1      | Reached XP level 3. HP: 20/25 MP: 3/3
  1419 | D:2      | Noticed Terence
  1429 | D:2      | HP: 1/25 [Terence (6)]
  1431 | D:2      | Slain by Terence

Illustrated notes

Levels and vault maps discovered:
D:1:      beargit_arrival_diablo_church, layout_loops_ring,
          minmay_misc_feat_ornament
D:2:      minmay_evil_eye, layout_loops_ring, minmay_snake_closets,
          uniq_crazy_yiuf_cottage, uniq_terence, uniq_natasha

Action                   || total
-------------------------++-------
Melee: Hand crossbow     ||     7
       Constrict         ||     1
       Tentacles         ||     1
 Fire: Hand crossbow     ||    62
  Use: Scroll            ||     2
       Potion            ||     1
Armor: Skin              ||     4
Dodge: Dodged            ||    30

Table legend: (Time is in decaauts)
 A = Elapsed time spent in this place.
 B = Non-inter-level travel time spent in this place.
 C = Inter-level travel time spent in this place.
 D = Time resting spent in this place.
 E = Time spent auto-exploring this place.
 F = Levels seen in this place.
 G = Mean time per level.
                   A        B        C        D        E       F      G
               +--------+--------+--------+--------+--------+-----+--------+
         Total |   1451 |   1451 |      0 |      0 |      0 |   2 |  725.5 |
       Dungeon |   1451 |   1451 |      0 |      0 |      0 |   2 |  725.5 |
               +--------+--------+--------+--------+--------+-----+--------+

Top non-repeatable levels by time:
     D:1: 1001 daAuts
     D:2: 449 daAuts
